AoeStats
← CR@cid

QS Arena

503447061Analyzed
3v3 RM · 1mo ago on Aug 31, 2026· 80m 8s· 6 players
Game mode
Random Map
Map size
Normal (6 player)
Population
200
Speed
Normal
Resources
Standard
Victory
Conquest
Starting age
Dark Age
Ending age
Imperial Age
RankedLock teamsTeams togetherTeam positionsShared explorationLock speedFull tech treeHidden civsTurbo modeCheats
Victory
Defeat
🇪🇸 Britons · Spain
1048
+13
🇺🇸 Turks · United States
1044
+13
🇪🇸 Franks · Spain
999
+15
🇩🇪 Spanish · Germany
1101
-19
🇩🇪 Bohemians · Germany
1057
-17
🇩🇪 Franks · Germany
801
-7
Krau
3:25 Loom
9:50 Feudal Age
11:37 Double-Bit Axe
13:57 Castle Age
16:03 Bow Saw
21:20 Wheelbarrow
21:31 Gold Mining
21:32 Stone Mining
24:07 Husbandry
24:35 Hand Cart
24:10 Town Watch
25:08 Town Patrol
26:03 Gold Shaft Mining
28:33 Imperial Age
28:38 Forging
28:33 Scale Barding Armor
30:25 Iron Casting
29:36 Cavalier
32:02 Light Cavalry
32:03 Paladin
34:12 Chain Barding Armor
35:00 Blast Furnace
37:30 Plate Barding Armor
41:08 Conscription
41:17 Conscription
41:00 Chivalry
43:46 Fervor
53:56 Scale Mail Armor
53:47 Fletching
53:57 Padded Archer Armor
53:59 Squires
55:53 Masonry
55:54 Fortified Wall
55:50 Siege Engineers
56:50 Chemistry
56:52 Caravan
62:41 Heavy Scorpion
80:39 Coinage
StackkedYou
3:38 Loom
8:08 Feudal Age
9:15 Double-Bit Axe
9:11 Horse Collar
15:52 Castle Age
15:44 Scale Barding Armor
15:49 Forging
15:58 Forging
15:51 Gold Mining
15:51 Stone Mining
16:28 Bloodlines
17:10 Bow Saw
19:06 Heavy Plow
28:21 Imperial Age
26:27 Wheelbarrow
25:37 Town Watch
26:45 Gold Shaft Mining
26:05 Stone Mining
26:46 Husbandry
28:37 Chain Barding Armor
28:52 Iron Casting
31:49 Ballistics
31:00 Elite Janissary
33:07 Murder Holes
33:33 Fletching
35:57 Conscription
39:08 Artillery
41:09 Two-Man Saw
41:32 Plate Barding Armor
41:57 Blast Furnace
40:58 Bodkin Arrow
41:03 Padded Archer Armor
40:47 Treadmill Crane
41:18 Masonry
44:39 Architecture
44:24 Fortified Wall
44:39 Bracer
47:36 Leather Archer Armor
59:02 Hand Cart
58:48 Town Patrol
61:22 Caravan
65:40 Ring Archer Armor
69:22 Hoardings
rubBen
8:21 Feudal Age
12:14 Castle Age
11:03 Double-Bit Axe
11:03 Horse Collar
17:28 Loom
19:39 Wheelbarrow
19:38 Bow Saw
27:48 Imperial Age
27:17 Fletching
26:49 Crossbowman
28:13 Bodkin Arrow
28:19 Padded Archer Armor
29:30 Two-Man Saw
28:14 Arbalester
29:55 Bracer
30:52 Hand Cart
32:54 Gold Mining
33:08 Padded Archer Armor
35:32 Ballistics
35:57 Yeomen
37:23 Gold Shaft Mining
36:38 Stone Mining
38:57 Leather Archer Armor
39:45 Chemistry
41:09 Ring Archer Armor
40:45 Scale Barding Armor
40:50 Forging
41:18 Pikeman
41:39 Light Cavalry
42:20 Husbandry
42:01 Elite Skirmisher
43:52 Chain Barding Armor
44:07 Iron Casting
46:40 Masonry
47:35 Conscription
56:12 Blast Furnace
55:48 Plate Barding Armor
55:48 Halberdier
56:43 Scale Mail Armor
57:24 Gambesons
57:39 Squires
57:25 Arson
62:16 Warwolf
65:34 Chain Mail Armor
66:01 Heavy Plow
68:50 Caravan
70:20 Plate Mail Armor
80:51 Siege Engineers
CR@cid
4:15 Loom
8:40 Feudal Age
9:11 Double-Bit Axe
10:05 Wheelbarrow
9:17 Town Watch
10:55 Stone Mining
10:56 Gold Mining
20:18 Castle Age
18:51 Fletching
19:12 Forging
19:08 Scale Barding Armor
21:04 Town Patrol
21:20 Hand Cart
22:00 Bow Saw
24:08 Iron Casting
24:31 Husbandry
24:40 Arson
24:56 Squires
24:59 Scale Mail Armor
27:29 #83
28:10 Gold Shaft Mining
28:19 Padded Archer Armor
30:18 Bodkin Arrow
30:39 Chain Mail Armor
32:37 Chain Barding Armor
32:31 Fortified Wall
32:43 Ballistics
34:13 Murder Holes
34:29 Masonry
38:23 Imperial Age
39:33 Elite Throwing Axeman
40:35 Conscription
40:40 Cavalier
42:11 Plate Mail Armor
42:44 Chivalry
53:25 Plate Barding Armor
53:52 Blast Furnace
56:52 Chivalry
57:30 Hoardings
basstler
8:10 Feudal Age
12:24 Castle Age
18:21 Loom
18:47 Horse Collar
21:03 Wheelbarrow
23:11 Padded Archer Armor
30:54 Imperial Age
28:26 Fletching
30:35 Leather Archer Armor
30:10 Double-Bit Axe
30:27 Heavy Plow
31:50 Elite Conquistador
34:17 Conscription
37:50 Bodkin Arrow
38:25 Ring Archer Armor
37:54 Elite Skirmisher
38:39 Thumb Ring
38:36 Bracer
40:44 Bow Saw
41:22 Ballistics
42:03 Chemistry
46:14 Pikeman
47:20 Elite Conquistador
50:16 Onager
qu4nt0r3n5chw31n
7:34 Feudal Age
13:03 Castle Age
13:13 Wheelbarrow
15:48 Fervor
16:30 Hand Cart
16:52 Double-Bit Axe
18:42 Horse Collar
19:10 Loom
26:10 Imperial Age
24:46 Sanctity
23:58 Pikeman
25:39 Squires
25:24 Arson
25:40 Scale Mail Armor
25:51 Forging
27:04 Halberdier
28:03 Chain Mail Armor
29:14 Conscription
30:55 Chemistry
30:43 Wagenburg Tactics
31:44 Plate Mail Armor
31:49 Iron Casting
32:04 Bow Saw
32:18 Elite Hussite Wagon
33:29 Houfnice
50:47 Blast Furnace
50:49 Siege Engineers
52:42 Fletching
52:52 Padded Archer Armor
53:21 Ballistics
53:57 Elite Skirmisher
55:53 Bodkin Arrow
56:14 Leather Archer Armor
63:00 Bracer
63:30 Ring Archer Armor
Connection lost

Rejoining the realm…

Still unreachable

The connection could not be restored.

Session expired

The server has moved on; the page needs a fresh start.